 Dungeon Crawl Stone Soup version 0.30-a0-965-g42e074c17a (webtiles) character file.

Game seed: 11761164173610761045

46 cforsyth the Shield-Bearer (level 3, -1/30 HPs)
             Began as a Formicid Fighter on Mar 30, 2023.
             Slain by an orc
             ... wielding a +0 trident
              (4 damage)
             ... on level 3 of the Dungeon.
             The game lasted 00:01:19 (1246 turns).

cforsyth the Shield-Bearer (Formicid Fighter)       Turns: 1246, Time: 00:01:20

Health: -1/30      AC:  7    Str: 22    XL:     3   Next: 92%
Magic:  3/3        EV:  9    Int:  7    God:
Gold:   163        SH:  5    Dex: 13    Spells: 2/2 levels left

rFire   . . .      SeeInvis +    a - +0 flail
rCold   . . .      Faith    .    c - +0 buckler
rNeg    . . .      Spirit   .    b - +0 scale mail
rPois   .          Reflect  .    (helmet unavailable)
rElec   .          Rampage  .    (no cloak)
rCorr   .                        (no gloves)
Will    .....                    (no boots) Stlth
                                 (no amulet)
HPRegen 0.25/turn                (no ring)
MPRegen 0.08/turn                (no ring)

@: no status effects
A: permanent stasis, dig shafts and tunnels, antennae 3, four strong arms
a: Dig, Shaft Self


You were on level 3 of the Dungeon.
You visited 1 branch of the dungeon, and saw 3 of its levels.

You collected 163 gold pieces.

Inventory:

Hand Weapons
 a - a +0 flail (weapon)
Armour
 b - a +0 scale mail (worn)
 c - a +0 buckler (worn)
Scrolls
 e - a scroll of silence {unknown}
 f - 4 scrolls of identify {unknown}
 j - a scroll of amnesia {unknown}
 k - a scroll of acquirement {unknown}
 m - a scroll of enchant weapon {unknown}
 n - a scroll of teleportation {unknown}
 p - a scroll of vulnerability {unknown}
Potions
 d - a potion of might
 g - 2 potions of attraction {unknown}
 h - a potion of berserk rage {unknown}
 i - a potion of haste {unknown}
 l - 2 potions of resistance {unknown}
 o - a potion of degeneration {unknown}


   Skills:
 + Level 3.8 Fighting
 + Level 2.5 Maces & Flails
 + Level 3.7 Armour
 + Level 4.6 Shields


You had 2 spell levels left.
You didn't know any spells.
Your spell library was empty.

Dungeon Overview and Level Annotations

Branches:
Dungeon (3/15)

Altars:
Fedhas
Kikubaaqudgha
Xom


Innate Abilities, Weirdness & Mutations

You cannot be hasted, slowed, berserked, paralysed or teleported.
You can dig through walls and to a lower floor.
You have a pair of large antennae on your head. (SInv)
Your four strong arms can wield two-handed weapons with a shield.


Message History

You closely miss the kobold.
The kobold is heavily wounded.
You block the kobold's attack.
The kobold hits you with a +0 short sword.
You barely miss the kobold.
The kobold is heavily wounded.
The kobold hits you with a +0 short sword.
You barely miss the kobold.
The kobold is heavily wounded.
The kobold hits you but does no damage. You block the orc's attack.
You closely miss the kobold.
The kobold is heavily wounded.
You block the kobold's attack. The orc barely misses you.
The orc hits you with a +0 whip. The orc hits you but does no damage.
The kobold closely misses you. The orc barely misses you.
You closely miss the orc. You block the orc's attack.
The orc closely misses you. The kobold hits you but does no damage.
You hit the orc but do no damage. The orc hits you but does no damage.
The kobold hits you with a +0 short sword.
The orc completely misses you.
You barely miss the orc. The kobold barely misses you.
You block the orc's attack. The orc hits you but does no damage.
You closely miss the orc.
The kobold hits you with a +0 short sword.
* * * LOW HITPOINT WARNING * * *
The orc hits you but does no damage.
The orc hits you from afar with a +0 trident.
* * * LOW HITPOINT WARNING * * *
The orc hits you but does no damage. The kobold hits you but does no damage.
The orc hits you but does no damage.
You closely miss the kobold.
The kobold is moderately wounded.
The orc hits you but does no damage. The kobold hits you but does no damage.
The orc hits you with a +0 whip.
* * * LOW HITPOINT WARNING * * *
You closely miss the orc. The orc barely misses you.
The kobold hits you but does no damage. The orc hits you but does no damage.
You hit the orc but do no damage. The kobold barely misses you.
The orc hits you from afar with a +0 trident.
You die...

..h#$.)...# ...
.$h#$.....# ....
._{#$..8..###....
##.##.........
###..........
.####+###...........
........ooo.......#
###.....#K##......#
........o@##.†.####
.###...####.#.#
#....# #.#.#
##.###....# #.# .
........).# #.# .#
##.##....# #.# .
#.###.### #.# .# #.#
#.# ##.###.#


You could see 4 orcs and a kobold.

Vanquished Creatures
  A worm (D:2)
  An orc (D:3)
  5 ball pythons
  7 bats
  3 endoplasms
  3 giant cockroaches
  A hobgoblin (D:1)
  5 kobolds
  A quokka (D:2)
  3 frilled lizards (D:1)
  4 goblins
  6 rats
40 creatures vanquished.

Notes
Turn   | Place    | Note
-------+----------+-------------------------------------------
     0 | D:1      | cforsyth the Formicid Fighter began the quest for the Orb.
     0 | D:1      | Reached XP level 1. HP: 18/18 MP: 1/1
   107 | D:1      | Reached XP level 2. HP: 20/24 MP: 2/2
   676 | D:2      | Found a faded altar of an unknown god.
   708 | D:2      | Reached XP level 3. HP: 29/29 MP: 3/3
   933 | D:2      | Found an ancient bone altar of Kikubaaqudgha.
  1216 | D:3      | Found a blossoming altar of Fedhas.
  1218 | D:3      | Found a shimmering altar of Xom.
  1246 | D:3      | Slain by an orc

Illustrated notes

Levels and vault maps discovered:
D:1:      dreamdust_arrival_sigmund_warning, layout_basic,
          minmay_misc_feat_hallway
D:2:      layout_rooms, ebering_ecumenical_altar_sacrificial, basic_altar
D:3:      layout_basic, jmf_multi_god_temple, uniq_terence

Action                     || total
---------------------------++-------
  Melee: Flail             ||   115
 Armour: Scale mail        ||    65
  Dodge: Dodged            ||    61
  Block: Buckler           ||    45

Table legend: (Time is in decaauts)
 A = Elapsed time spent in this place.
 B = Non-inter-level travel time spent in this place.
 C = Inter-level travel time spent in this place.
 D = Time resting spent in this place.
 E = Time spent auto-exploring this place.
 F = Levels seen in this place.
 G = Mean time per level.
                   A        B        C        D        E       F      G
               +--------+--------+--------+--------+--------+-----+--------+
         Total |   1281 |   1243 |     38 |      0 |    968 |   3 |  427.0 |
       Dungeon |   1281 |   1243 |     38 |      0 |    968 |   3 |  427.0 |
               +--------+--------+--------+--------+--------+-----+--------+

Top non-repeatable levels by time:
     D:1: 687 daAuts
     D:2: 512 daAuts
     D:3: 81 daAuts
